Unix NetHack Version 3.7.0-95 Work-in-progress - last build Jan 2 2024 07:50:30 (6a0ccc5fa2390e420dd2d488a2f9488d2ae3a63b,branch:master). Game began 2024-01-03 23:05:42, ended 2024-01-04 19:39:51. misanthrope, lawful male human Samurai ----- |..[.######################## ---------- |...| ########################## .........| |....# ---------# |........| |...|# #..>.....|# |........| -.---# #|.......|#######-........| # ## #|.....^.| |........| # # ###################*#### #####|.......| -.---.---- # ######### --------#########........-## # # ### ##----.---- |......-##### --------- ## #### # ##|[..@...| |.>....| ## #### # ##|)......-#########.......| # -.--- ## ##|.......| -------- ##|...| ----.----- #|.......| #|...| |........| %..{.....| #....| |.........#####|.......| |<..| |........| ----.---- ----- |........| ---------- Misanthrope the Ninja St:25 Dx:16 Co:18 In:11 Wi:11 Ch:10 Lawful Dlvl:4 $:0 HP:86(86) Pw:22(22) AC:0 Xp:8/2559 T:9515 Strained Latest messages: You were wearing an uncursed towel named Spd Inv SIn Poi. You can see again. You try to move the boulder, but in vain. You try to move the boulder, but in vain. You try to move the boulder, but in vain. What do you want to use or apply? [ilu-wyMUY or ?*] e - an uncursed pick-axe. What do you want to use or apply? [eilu-wyMUY or ?*] You now wield an uncursed pick-axe. In what direction do you want to dig? [hykunjb>] You start hitting the boulder. You hit the boulder with all your might. The boulder falls apart. You see here 22 rocks. What do you want to wield? [- aeq or ?*] a - an uncursed +3 katana (weapon in right hand). You kill the black unicorn! S - a potion of speed. T - a unicorn horn. Pick an object. Unknown direction: 'M-,' (use 'h', 'j', 'k', 'l' or '.'). # What do you want to adjust? [aehik-mqu-wyzABKMOPS-UWY or ?*] Adjust letter to what [b-dfgjn-pr-txC-JLNQRTVXZ] (? see used letters)? Moving: n - a unicorn horn. You have much trouble lifting a black unicorn corpse. Continue? [ynq] (q) You have much trouble lifting V - a black unicorn corpse. You stagger under your heavy load. Movement is very hard. What do you want to use or apply? [eilnu-wyMUY or ?*] What do you want to stash? [aehik-nquvyzABKMOPSU-WY or ?*] You put a black unicorn corpse into the bag called holding. Your movements are only slowed slightly by your load. What do you want to zap? [iuyY or ?*] In what direction? What do you want to zap? [iuyY or ?*] In what direction? What do you want to use or apply? [eilnu-wyMUY or ?*] You have much trouble removing a black unicorn corpse. Continue? [ynq] (q) You have much trouble removing V - a black unicorn corpse. You stagger under your heavy load. Movement is very hard. What do you want to sacrifice? [V or ?*] Such an action is an insult to chaos! The voice of Susanowo thunders: "Thou art arrogant, mortal." "Thou must relearn thy lessons!" You feel foolish! Sayonara level 9. # Really quit? [yn] (n) Do you want your possessions identified? [ynq] (y) Inventory: Weapons (')') q - an uncursed +0 aklys a - an uncursed +3 katana (weapon in right hand) Armor ('[') z - an uncursed +0 orcish helm (being worn) P - an uncursed +0 pair of gauntlets of power (being worn) m - an uncursed +1 pair of speed boots (being worn) B - an uncursed -1 cloak of magic resistance (being worn) A - an uncursed +0 Hawaiian shirt with a bird of paradise motif (being worn) W - an uncursed rustproof +0 splint mail (being worn) Comestibles ('%') V - an uncursed black unicorn corpse Scrolls ('?') O - an uncursed scroll of teleportation Potions ('!') k - an uncursed potion of healing M - a cursed potion of oil S - a cursed potion of speed Rings ('=') K - an uncursed ring of fire resistance h - an uncursed ring of shock resistance Wands ('/') u - an uncursed wand of cancellation (0:1) y - an uncursed wand of digging (0:2) i - an uncursed wand of magic missile (0:5) Y - an uncursed wand of teleportation (0:4) Tools ('(') w - a blessed bag of holding containing 38 items l - a blessed oil lamp named P6012 e - an uncursed +0 pick-axe v - an uncursed towel named Spd Inv SIn Poi n - an uncursed +0 unicorn horn Gems/Stones ('*') U - a blessed luckstone Contents of the bag of holding: 374 gold pieces an uncursed +0 pair of water walking boots an uncursed +0 mummy wrapping 3 uncursed gunyoki an uncursed melon an uncursed sprig of wolfsbane an uncursed tripe ration an uncursed lichen corpse an uncursed scroll of punishment an uncursed scroll of enchant weapon 2 uncursed scrolls of light a cursed scroll of remove curse an uncursed scroll of scare monster a blessed scroll of teleportation an uncursed potion of see invisible an uncursed potion of enlightenment 2 uncursed potions of object detection 2 blessed potions of sake 4 uncursed potions of sake 7 potions of holy water an uncursed wand of digging (0:5) an uncursed wand of fire (0:3) an uncursed can of grease (0:12) an uncursed magic whistle 3 uncursed worthless pieces of blue glass 4 uncursed emeralds 7 uncursed worthless pieces of green glass 5 uncursed worthless pieces of orange glass 3 uncursed rubies an uncursed garnet stone an uncursed jasper stone 3 uncursed amethyst stones 4 uncursed worthless pieces of violet glass 2 uncursed diamonds 3 uncursed worthless pieces of yellow glass 3 uncursed chrysoberyl stones an uncursed worthless piece of yellowish brown glass an uncursed amber stone Misanthrope the Samurai's attributes: Background: You were a Ninja, a level 8 male human Samurai. You were lawful, on a mission for Amaterasu Omikami who was opposed by Raijin (neutral) and Susanowo (chaotic). You were right-handed. You were in the Dungeons of Doom, on level 4. You entered the dungeon 9515 turns ago. You had 2559 experience points, 1 more was needed to attain level 9. Basics: You had all 86 hit points. You had all 22 energy points (spell power). Your armor class was 0. Your wallet was empty, but you had 374 zorkmids stashed away in your pack. Autopickup was off. Final Characteristics: Your strength was 25 (base:18/01, innate limit:18/100). Your dexterity was 16 (limit:18). Your constitution was 18 (limit:18). Your intelligence was 11 (limit:18). Your wisdom was 11 (peak:13, limit:18). Your charisma was 10 (limit:18). Final Status: You weren't hungry. You were strained; movement was very slowed. You were wielding a long sword. You had expert skill with long sword. Final Attributes: You were piously aligned. You were magic-protected. You were poison resistant. You saw invisible. You were invisible to others. You were warded. You were very fast. You were lucky. You had extra luck. Good luck did not time out for you. You survived. Miscellaneous: You never encountered a bones level. Total elapsed playing time was 5 hours, 3 minutes and 32 seconds. Major events: Turn 1: misanthrope the lawful male human Samurai entered the dungeon 1538: attained the rank of Ronin (level 3) 1608: entered the Gnomish Mines 3718: attained the rank of Ninja (level 6) 3853: reached Mine Town 8656: acquired the Mines' End luckstone 9515: quit Vanquished creatures: a stalker a water elemental a black naga a sergeant 3 small mimics 2 gargoyles a leocrotta a human mummy an ettin zombie a leather golem a giant beetle a cockatrice 3 wolves a winter wolf cub a leprechaun an iron piercer a giant spider 2 black lights a vampire bat 2 gnome rulers a dwarf mummy an ogre 5 chickatrices 2 housecats a black unicorn 4 apes a soldier ant a fire ant 3 water nymphs a mountain nymph an orc shaman a rock mole 2 yellow lights a shrieker a violet fungus 17 gnome leaders 5 gnomish wizards a gray ooze 5 giant ants 2 little dogs 3 floating eyes 5 dwarves a homunculus a hill orc a centipede a giant bat 3 orc zombies 3 dwarf zombies a werejackal 5 iguanas 22 killer bees 2 acid blobs 2 gas spores 3 hobbits a large kobold 5 cave spiders a yellow mold a red mold 71 gnomes a gnome zombie 6 geckos 5 jackals 2 goblins 4 sewer rats 10 grid bugs 9 lichens a kobold zombie 8 newts 261 creatures vanquished. No species were genocided or became extinct. Voluntary challenges: You read items or engraved 9 times. You engraved Elbereth 5 times. You never genocided any monsters. You never polymorphed an object. You never changed form. You used no wishes. Achievements: You entered a shop. You attained the rank of Ronin. You entered the Gnomish Mines. You attained the rank of Ninja. You entered Minetown. You entered a temple. You completed the Gnomish Mines. The Dungeons of Doom: levels 1 to 8 Level 1: A fountain. Level 2: An armor shop, a fountain. Level 3: A potion shop, some fountains. Level 4: <- You were here. An altar, a fountain. Stairs down to The Gnomish Mines. Level 5: A fountain. Level 6: An armor shop, an altar to Amaterasu Omikami, some fountains. Level 7: An altar, a fountain. Level 8: The Gnomish Mines: levels 5 to 13 Level 5: Level 6: Level 7: Level 8: "unicorn" A temple and an altar to Amaterasu Omikami, some fountains, some trees. Level 9: Level 10: Level 11: Level 12: Level 13: A fountain. Sayonara misanthrope the Samurai... You quit in The Dungeons of Doom on dungeon level 4 with 19742 points, and 374 pieces of gold, after 9515 moves. You were level 8 with a maximum of 86 hit points when you quit.